 Dungeon Crawl Stone Soup version bcrawl-1.41.1 (webtiles) character file.

Game seed: 9054397414878458086

244161 Yshiel the Chiller (level 7, -9/51 HPs)
             Began as a Gnoll Ice Elementalist on Apr 25, 2024.
             Mangled by an ice beast (14 damage)
             ... on level 4 of the Dungeon.
             The game lasted 00:25:23 (3109 turns).

Yshiel the Chiller (Gnoll Ice Elementalist)         Turns: 3109, Time: 00:25:24

Health: -9/51      AC:  8    Str: 10    XL:     7   Next: 47%
Magic:  15/15      EV: 15    Int: 18    God:
Gold:   184        SH:  0    Dex: 17    Spells: 16/17 levels left

rFire    . . .     GDR:     30% h - +2 dagger
rCold    . . .     SeeInvis .   (no shield)
rNeg     . . .     Gourm    .   a - +1 robe
rPois    .         Faith    .   p - +2 hat
rElec    .         Spirit   .   b - +2 cloak
rCorr    .         Reflect  .   (no gloves)
MR       .....                  (no boots)
Stlth    +++.......             (no amulet)
HPRegen  0.18/turn              q - ring of flight
MPRegen  0.14/turn              (no ring)

@: no status effects
A: distributed training, fangs 1, strong nose
a: Evoke Flight


You were on level 4 of the Dungeon.
You were not hungry.

You visited 1 branch of the dungeon, and saw 5 of its levels.

You collected 184 gold pieces.

Inventory:

Hand Weapons
 g - a +0 hunting sling
 h - a +2 dagger (weapon)
 x - a +0 dagger of electrocution
Missiles
 f - 581 stones (quivered)
 j - 545 sling bullets
 u - 91 poisoned needles
 v - 368 arrows
 z - 16 poisoned tomahawks
Armour
 a - a +1 robe (worn)
 b - a +2 cloak (worn)
 p - a +2 hat (worn)
 y - a +3 chain mail of magic resistance
Jewellery
 n - an uncursed amulet of faith
 q - a ring of flight (left hand)
 t - a +3 ring of dexterity {unknown}
 C - a +4 ring of intelligence {unknown}
 D - an uncursed ring of protection from cold {unknown}
 E - a cursed -2 ring of slaying {unknown}
 F - a +4 ring of evasion {unknown}
Wands
 c - a wand of iceblast (1)
 w - a wand of polymorph (28)
Scrolls
 d - a scroll of amnesia {unknown}
 l - 5 scrolls of teleportation
 o - 2 scrolls of fear
 A - a scroll of fog {unknown}
Potions
 k - a potion of agility
 m - a potion of ambrosia {unknown}
 r - a potion of brilliance {unknown}
 s - a potion of lignification {unknown}
 B - 2 potions of heal wounds
 G - 2 potions of curing {unknown}
Comestibles
 e - 9 rations {!d}


   Skills:
 + Level 2.4 Fighting
 + Level 2.4 Short Blades
 + Level 2.4 Long Blades
 + Level 2.4 Axes
 + Level 2.4 Maces & Flails
 + Level 2.4 Polearms
 + Level 2.4 Staves
 + Level 2.4 Slings
 + Level 2.4 Bows
 + Level 2.4 Crossbows
 + Level 2.4 Throwing
 + Level 2.4 Armour
 + Level 5.2 Dodging
 + Level 5.2 Stealth
 + Level 2.4 Shields
 + Level 2.4 Unarmed Combat
 + Level 5.6 Spellcasting
 + Level 3.0 Conjurations
 + Level 2.0 Hexes
 + Level 2.0 Charms
 + Level 2.0 Summonings
 + Level 2.0 Necromancy
 + Level 2.0 Translocations
 + Level 2.0 Transmutations
 + Level 2.0 Fire Magic
 + Level 5.8 Ice Magic
 + Level 2.0 Air Magic
 + Level 2.0 Earth Magic
 + Level 2.0 Poison Magic
 + Level 2.7 Invocations
 + Level 2.4 Evocations


You had 16 spell levels left.
You knew the following spells:

 Your Spells              Type           Power        Failure   Level  Hunger
a - Freeze                Ice            ####..       1%          1    None

Your spell library contained the following spells:

 Spells                   Type           Power        Failure   Level  Hunger
 Throw Frost              Conj/Ice       ###...       1%          2    None
 Ozocubu's Armour         Chrm/Ice       ###.....     8%          3    ##.....
 Throw Icicle             Conj/Ice       ###.....     21%         4    ####...
 Ice Form                 Ice/Tmut       ###.....     24%         4    ####...
 Summon Ice Beast         Ice/Summ       ###.....     24%         4    ####...


Dungeon Overview and Level Annotations

Branches:
Dungeon (5/12)
 Temple: D:4-7

Altars:
Uskayaw


Innate Abilities, Weirdness & Mutations

Your experience applies equally to all skills.
You have very sharp teeth.
Your uncanny sense of smell can sniff out nearby items.


Message History

The ice beast is moderately wounded.
The ice beast hits you.
* * * LOW HITPOINT WARNING * * *
The ice beast freezes you.
* * * LOW HITPOINT WARNING * * *
You closely miss the ice beast.
You bite the ice beast, but do no damage.
The ice beast is moderately wounded.
The ice beast barely misses you.
You hit the ice beast.
The ice beast is moderately wounded.
The ice beast misses you.
You hit the ice beast.
The ice beast is moderately wounded.
You hit the ice beast.
The ice beast is heavily wounded.
The ice beast hits you.
* * * LOW HITPOINT WARNING * * *
The ice beast freezes you!
You die...

######### #.....#.# #
###.#.#.###### ## #.#........#
##. #.###.####.# ##..
#.#........# ##..# #.
#.(.....##.### #..## #..
##....Y@......# #.##. #...
#...........#.# ###.#..
#...######.###..#.#.#.####...+..
#.......##..................##..
#.......'..###..#.####.####.###.
#.......##.# #........ .# #.#.##
##......##.###.....###. # #.#..#
#####...........### .. #.#...
#######..##.#.#..## #. #.#...


You could see an ice beast.

Vanquished Creatures
  An ice beast (D:4)
  A sky beast (D:5)
  A bullfrog (D:4)
  3 crimson imps (D:4)
  A hound (D:2)
  An orc wizard (D:3)
  Ijyb (D:3)
  An iguana (D:5)
  A worker ant (D:3)
  6 adders
  An ooze (D:1)
  5 worms
  2 dart slugs
  2 leopard geckos
  4 orcs (D:3)
  4 giant cockroaches
  4 goblins
  10 hobgoblins
  2 jackals (D:3)
  2 quokkas
  2 bats
  3 frilled lizards
  9 kobolds
  3 rats (D:1)
70 creatures vanquished.

Vanquished Creatures (others)
  5 toadstools (D:1)
5 creatures vanquished.

Grand Total: 75 creatures vanquished

Notes
Turn   | Place    | Note
-------+----------+-------------------------------------------
     0 | D:1      | Yshiel the Gnoll Ice Elementalist began the quest for the
                  | Orb.
     0 | D:1      | Reached XP level 1. HP: 13/13 MP: 6/6
   161 | D:1      | Reached XP level 2. HP: 20/20 MP: 2/7
   714 | D:1      | Reached XP level 3. HP: 21/25 MP: 6/9
   854 | D:1      | Reached skill level 5 in Spellcasting
  1091 | D:1      | Reached skill level 1 in Invocations
  1189 | D:2      | Reached skill level 1 in Fighting
  1189 | D:2      | Reached skill level 1 in Short Blades
  1189 | D:2      | Reached skill level 1 in Long Blades
  1189 | D:2      | Reached skill level 1 in Axes
  1189 | D:2      | Reached skill level 1 in Maces & Flails
  1189 | D:2      | Reached skill level 1 in Polearms
  1189 | D:2      | Reached skill level 1 in Staves
  1189 | D:2      | Reached skill level 1 in Slings
  1189 | D:2      | Reached skill level 1 in Bows
  1189 | D:2      | Reached skill level 1 in Crossbows
  1189 | D:2      | Reached skill level 1 in Throwing
  1189 | D:2      | Reached skill level 1 in Armour
  1189 | D:2      | Reached skill level 1 in Shields
  1189 | D:2      | Reached skill level 1 in Unarmed Combat
  1189 | D:2      | Reached skill level 1 in Evocations
  1262 | D:2      | Reached XP level 4. HP: 25/32 MP: 6/11
  1347 | D:2      | Reached skill level 1 in Hexes
  1347 | D:2      | Reached skill level 1 in Charms
  1347 | D:2      | Reached skill level 1 in Summonings
  1347 | D:2      | Reached skill level 1 in Necromancy
  1347 | D:2      | Reached skill level 1 in Translocations
  1347 | D:2      | Reached skill level 1 in Transmutations
  1347 | D:2      | Reached skill level 1 in Fire Magic
  1347 | D:2      | Reached skill level 1 in Air Magic
  1347 | D:2      | Reached skill level 1 in Earth Magic
  1347 | D:2      | Reached skill level 1 in Poison Magic
  1494 | D:2      | Found a hide-covered altar of Uskayaw.
  1717 | D:3      | Reached XP level 5. HP: 37/37 MP: 12/12
  1842 | D:3      | Noticed Ijyb
  1852 | D:3      | Killed Ijyb
  2183 | D:3      | Reached XP level 6. HP: 44/44 MP: 10/13
  2332 | D:3      | Found a faded altar of an unknown god.
  2631 | D:4      | Noticed an ice beast
  2647 | D:4      | Killed an ice beast
  2648 | D:4      | Reached skill level 5 in Dodging
  2648 | D:4      | Reached skill level 5 in Stealth
  2824 | D:4      | Reached XP level 7. HP: 38/50 MP: 8/15
  2997 | D:5      | Entered Level 5 of the Dungeon
  3109 | D:4      | Mangled by an ice beast

Skill      XL: |  1  2  3  4  5  6  7 |
---------------+----------------------+-----
Conjurations   | 2 3 |  3.0
Spellcasting   | 5 |  5.6
Invocations    | 1 2 |  2.7
Fighting       | 1 2 |  2.4
Short Blades   | 1 2 |  2.4
Long Blades    | 1 2 |  2.4
Axes           | 1 2 |  2.4
Maces & Flails | 1 2 |  2.4
Polearms       | 1 2 |  2.4
Staves         | 1 2 |  2.4
Slings         | 1 2 |  2.4
Bows           | 1 2 |  2.4
Crossbows      | 1 2 |  2.4
Throwing       | 1 2 |  2.4
Armour         | 1 2 |  2.4
Shields        | 1 2 |  2.4
Unarmed Combat | 1 2 |  2.4
Evocations     | 1 2 |  2.4
Hexes          | 1 2 |  2.0
Charms         | 1 2 |  2.0
Summonings     | 1 2 |  2.0
Necromancy     | 1 2 |  2.0
Translocations | 1 2 |  2.0
Transmutations | 1 2 |  2.0
Fire Magic     | 1 2 |  2.0
Air Magic      | 1 2 |  2.0
Earth Magic    | 1 2 |  2.0
Poison Magic   | 1 2 |  2.0
Dodging        | 5 |  5.2
Stealth        | 5 |  5.2
Ice Magic      | |  5.8

Action                   |  1- 3 |  4- 6 |  7- 9 || total
-------------------------+-------+-------+-------++-------
Melee: Dagger            |    34 |    55 |    57 ||   146
       Bite              |     7 |     5 |     7 ||    19
       Unarmed           |     1 |       |       ||     1
 Fire: Hunting sling     |     3 |       |       ||     3
 Cast: Freeze            |    37 |    55 |     6 ||    98
  Use: Scroll            |     9 |     1 |     1 ||    11
 Stab: Sleeping          |     2 |     5 |     3 ||    10
  Eat: Chunk             |     1 |     8 |       ||     9
       Ration            |       |       |     1 ||     1
Armor: Robe              |     8 |    29 |    18 ||    55
Dodge: Dodged            |    46 |    76 |    27 ||   149
